 Dungeon Crawl Stone Soup version 0.20-a0-555-gf6ae02d (webtiles) character file.

12779 Lahna the Destroyer (level 11, -10/111 HPs)
             Began as a Pale Draconian Conjurer on Feb 5, 2017.
             Was an Elder of Vehumet.
             Mangled by Execuda's ghost (15 damage)
             ... on level 1 of the Lair of Beasts.
             The game lasted 00:53:01 (14439 turns).

Lahna the Destroyer (Pale Draconian Conjurer)      Turns: 14439, Time: 00:53:02

Health: -10/111    AC: 10    Str: 16    XL:     11   Next: 66%
Magic:  1/32       EV: 12    Int: 18    God:    Vehumet [****..]
Gold:   632        SH:  0    Dex: 12    Spells: 0/27 levels left

rFire    . . .     SeeInvis +   I - +2 dagger (venom)
rCold    . . .     Gourm    .   (armour unavailable)
rNeg     . . .     Faith    +   (no shield)
rPois    .         Spirit   .   H - +2 hat
rElec    .         Reflect  .   J - +0 cloak
rCorr    .         Harm     .   (no gloves)
MR       .....                  (no boots)
Stlth    ..........             t - amulet of faith
Regen    0.3/turn               r - ring of magical power
                                d - ring of see invisible

@: berserking, lethally poisoned (-10 -> -15), very slightly contaminated,
hasted, very quick
A: breathe steam, unfitting armour, cold-blooded, AC +7
a: Breathe Steam, Renounce Religion


You were on level 1 of the Lair of Beasts.
You worshipped Vehumet.
Vehumet was greatly pleased with you.
You were not hungry.

You visited 3 branches of the dungeon, and saw 13 of its levels.

You collected 632 gold pieces.

Inventory:

Hand Weapons
 I - a +2 dagger of venom (weapon)
Armour
 H - a +2 hat (worn)
 J - a +0 cloak (worn)
Jewellery
 d - a ring of see invisible (left hand)
 p - an uncursed ring of ice
 r - a ring of magical power (right hand)
 t - an amulet of faith (around neck)
 u - an uncursed ring of protection from cold
 B - a cursed ring of teleportation {unknown}
 K - an uncursed ring of flight
Wands
 c - a wand of acid (8/15)
 s - a wand of polymorph (15/24)
 y - a wand of flame (24/48)
 A - a wand of random effects (15/48)
 D - a wand of polymorph (15/24)
 F - a wand of paralysis (12/24)
 N - a wand of paralysis (13/24)
Scrolls
 e - 6 scrolls of identify
 i - 2 scrolls of fear
 k - 3 scrolls of fog
 m - 3 scrolls of teleportation
 n - 3 scrolls of amnesia
 x - 4 scrolls of remove curse
 O - a scroll of enchant weapon
Potions
 g - a potion of agility
 o - 2 potions of brilliance
 w - a potion of flight
 z - a potion of berserk rage
 G - 2 potions of curing
 M - a potion of mutation
Books
 a - a book of Conjurations

   Spells                             Type                      Level
   a - Magic Dart                     Conjuration                  1
   b - Searing Ray                    Conjuration                  2
   c - Dazzling Spray                 Conjuration/Hexes            3
   d - Fulminant Prism                Conjuration/Hexes            4
   e - Iskenderun's Mystic Blast      Conjuration                  4
   f - Iskenderun's Battlesphere      Conjuration/Charms           5
 h - the Reference Book on Companions and Air
   (You found it on level 11 of the Dungeon)

   Spells                             Type                      Level
   a - Summon Guardian Golem          Hexes/Summoning              3
   b - Airstrike                      Air                          4
   c - Deflect Missiles               Charms/Air                   6
   d - Conjure Ball Lightning         Conjuration/Air              6
   e - Freezing Cloud                 Conjuration/Ice/Air          6
   f - Dragon's Call                  Summoning                    9
 q - the Incunabulum of Harmful Transmigration
   (You found it on level 11 of the Dungeon)

   Spells                             Type                      Level
   a - Beastly Appendage              Transmutation                1
   b - Dazzling Spray                 Conjuration/Hexes            3
   c - Stone Arrow                    Conjuration/Earth            3
   d - Fireball                       Conjuration/Fire             5
   e - Venom Bolt                     Conjuration/Poison           5
   f - Bolt of Fire                   Conjuration/Fire             6
 C - a book of Minor Magic

   Spells                             Type                      Level
   a - Magic Dart                     Conjuration                  1
   b - Blink                          Translocation                2
   c - Call Imp                       Summoning                    2
   d - Repel Missiles                 Charms/Air                   2
   e - Slow                           Hexes                        2
   f - Conjure Flame                  Conjuration/Fire             3
   g - Mephitic Cloud                 Conjuration/Poison/Air       3
 L - a book of Changes

   Spells                             Type                      Level
   a - Beastly Appendage              Transmutation                1
   b - Sticks to Snakes               Transmutation                2
   c - Spider Form                    Transmutation/Poison         3
   d - Ice Form                       Ice/Transmutation            4
   e - Blade Hands                    Transmutation                5
Comestibles
 b - 8 bread rations
 f - 6 meat rations
 j - 8 fruits


   Skills:
 - Level 1.7 Dodging
 - Level 1.7 Stealth
 + Level 8.8 Spellcasting
 + Level 13.7 Conjurations
 - Level 6.7 Charms
 + Level 4.3 Fire Magic
 - Level 3.4 Air Magic


You couldn't memorise any spells.
You knew the following spells:

 Your Spells              Type           Power        Failure   Level  Hunger
a - Magic Dart            Conj           ####         1%          1    None
b - Iskenderun's Mystic   Conj           ######..     1%          4    ###....
c - Iskenderun's Battles  Conj/Chrm      #####...     1%          5    #####..
d - Conjure Flame         Conj/Fire      #####...     1%          3    None
e - Mephitic Cloud        Conj/Pois/Air  ####....     1%          3    None
f - Bolt of Fire          Conj/Fire      #####.....   11%         6    ######.
g - Fireball              Conj/Fire      #####.....   2%          5    #####..


Dungeon Overview and Level Annotations

Branches:
Dungeon (11/15)            Temple (1/1) D:6            Lair (1/6) D:10
    Orc: D:9-12

Altars:
Ashenzari
Cheibriados
Dithmenos
Elyvilon
Gozag
Kikubaaqudgha
Nemelex Xobeh
Qazlal
Ru
Trog
Vehumet
Xom
The Shining One
Beogh

Shops:
D:4 =*

Annotations:
Lair:1 Execuda's ghost, journeyman GrEE


Innate Abilities, Weirdness & Mutations

You can breathe blasts of scalding, opaque steam.
Your pale cyan-grey scales are hard. (AC +7)
You cannot fit into any form of body armour.
You are cold-blooded and may be slowed by cold attacks.


Message History

Your tail-slap misses Execuda's ghost.
Execuda's ghost is almost destroyed.
You feel sick. Execuda's ghost hits you!
* * * LOW HITPOINT WARNING * * *
You barely miss Execuda's ghost.
Your tail-slap misses Execuda's ghost.
Execuda's ghost is almost destroyed.
You feel sick.
Unknown command.
You barely miss Execuda's ghost.
Execuda's ghost is almost destroyed.
Execuda's ghost hits you.
* * * LOW HITPOINT WARNING * * *
You feel yourself speed up.
You are very lightly contaminated with residual magic.
Unknown command.
You hit Execuda's ghost but do no damage.
Execuda's ghost is almost destroyed.
* * * LOW HITPOINT WARNING * * *
You feel sick. Execuda's ghost hits you!
You die...

...... ..# ....... .....
...# ......# ..... ...#
P....# ...##...# ....##
#*.#....# #...P#
###...P...## #....##
#.#........P
#.....####..@W......
##................... ...
..##........[............
...
...........................
...
#...............#.........#
...
#.....##..#......#.......#
... #...#.
#####.....P......## ..#
#...## #.............#
##..# #..# #.>P##.......#
##....


You could see Execuda's ghost and a friendly battlesphere.

Vanquished Creatures
  2 two-headed ogres (D:8)
  Sonja (D:10)
  3 unseen horrors
  2 wizards (D:11)
  Maurice (D:8)
  A manticore (D:11)
  A spiny frog (Lair:1)
  Psyche (D:11)
  2 hippogriffs
  2 vampires
  4 yaks (D:9)
  An acid dragon (D:10)
  Duvessa (D:7)
  A phantom (D:9)
  3 sky beasts
  2 black bears (D:9)
  3 orc warriors
  8 ice beasts
  An eye of draining (D:10)
  5 ogres
  4 centaurs
  7 bullfrogs
  A wyvern skeleton (D:8)
  Dowan (D:7)
  5 scorpions
  9 killer bees (D:8)
  7 wights
  The ghost of Vesto the Conjurer, a weakling OpCj (D:4)
  2 jellies
  3 howler monkeys (D:6)
  2 crimson imps (D:6)
  2 bullfrog zombies
  A quasit (D:7)
  4 hounds
  8 orc priests
  13 orc wizards
  2 bullfrog skeletons (D:7)
  Terence (D:1)
  3 iguanas
  8 worker ants
  A hound zombie (D:7)
  A hound skeleton (D:5)
  A howler monkey zombie (D:9)
  A worker ant zombie (D:8)
  A howler monkey skeleton (D:5)
  12 adders
  10 gnolls
  3 shadow imps
  3 oozes
  An adder zombie (D:8)
  An adder skeleton (D:4)
  A worm (D:4)
  A dart slug (D:1)
  7 leopard geckos
  68 orcs
  3 giant cockroaches
  11 goblins
  17 hobgoblins
  6 jackals
  9 kobolds
  4 quokkas
  2 ball pythons (D:1)
  7 bats
  5 frilled lizards
  8 rats
  A plant (D:10)
314 creatures vanquished.

Notes
Turn   | Place    | Note
-------+----------+-------------------------------------------
     0 | D:1      | Lahna the Draconian Conjurer began the quest for the Orb.
     0 | D:1      | Reached XP level 1. HP: 14/14 MP: 3/3
   300 | D:1      | Reached XP level 2. HP: 18/20 MP: 1/5
   974 | D:2      | Noticed Terence
  1002 | D:1      | Killed Terence
  1002 | D:1      | Reached skill level 5 in Conjurations
  1002 | D:1      | Reached XP level 3. HP: 9/26 MP: 0/6
  1444 | D:2      | Found a stormy altar of Qazlal.
  1459 | D:2      | Found a glowing golden altar of the Shining One.
  1476 | D:2      | Reached XP level 4. HP: 25/33 MP: 0/7
  1871 | D:3      | Found a snail-covered altar of Cheibriados.
  1931 | D:3      | Learned a level 4 spell: Iskenderun's Mystic Blast
  1952 | D:3      | Reached skill level 6 in Conjurations
  3185 | D:4      | Noticed Vesto's ghost (weakling OpCj)
  3191 | D:4      | Killed Vesto's ghost
  3191 | D:4      | Reached XP level 5. HP: 38/38 MP: 1/8
  3281 | D:4      | Found Xushreg's Assorted Antiques.
  3662 | D:4      | Reached skill level 7 in Conjurations
  3691 | D:4      | Found Rinutah's Jewellery Shop.
  3757 | D:4      | Reached XP level 6. HP: 14/45 MP: 0/9
  4151 | D:5      | Entered Level 5 of the Dungeon
  4151 | D:5      | Found a sparkling altar of Nemelex Xobeh.
  4354 | D:5      | Reached skill level 8 in Conjurations
  4672 | D:6      | Noticed an ice beast
  4695 | D:6      | Found a shattered altar of Ashenzari.
  4808 | D:6      | Your scales start taking on a pale cyan-grey colour.
  4808 | D:6      | Reached XP level 7. HP: 49/50 MP: 10/10
  4917 | D:6      | Reached skill level 9 in Conjurations
  5015 | D:6      | Learned a level 5 spell: Iskenderun's Battlesphere
  5532 | D:6      | Found a white marble altar of Elyvilon.
  5575 | D:6      | Reached skill level 10 in Conjurations
  5777 | D:6      | Reached XP level 8. HP: 57/57 MP: 11/11
  5908 | D:5      | Reached skill level 11 in Conjurations
  6697 | D:7      | Noticed Dowan
  6792 | D:7      | Reached skill level 12 in Conjurations
  6795 | D:7      | Killed Dowan
  7012 | D:7      | Reached XP level 9. HP: 62/62 MP: 10/12
  7132 | D:7      | Reached skill level 1 in Charms
  7298 | D:7      | Noticed Duvessa
  7300 | D:7      | Found a shadowy altar of Dithmenos.
  7311 | D:7      | Killed Duvessa
  8319 | D:6      | Found a staircase to the Ecumenical Temple.
  8329 | Temple   | Entered the Ecumenical Temple
  8395 | Temple   | Became a worshipper of Vehumet
  8463 | D:8      | Noticed a two-headed ogre
  8473 | D:8      | Killed a two-headed ogre
  8473 | D:8      | Reached skill level 5 in Spellcasting
  8865 | D:7      | Learned a level 3 spell: Conjure Flame
  8994 | D:7      | Learned a level 3 spell: Mephitic Cloud
  9014 | D:8      | Noticed a two-headed ogre
  9022 | D:8      | Killed a two-headed ogre
  9022 | D:8      | Reached skill level 5 in Charms
  9022 | D:8      | Reached XP level 10. HP: 46/69 MP: 14/18
  9324 | D:8      | Reached * piety under Vehumet
  9324 | D:8      | Offered knowledge of Sting by Vehumet.
  9736 | D:8      | Reached ** piety under Vehumet
  9736 | D:8      | Offered knowledge of Freeze by Vehumet.
  9747 | D:8      | Noticed Maurice
  9760 | D:8      | Killed Maurice
 10401 | D:9      | Found a sacrificial altar of Ru.
 10803 | D:9      | Offered knowledge of Static Discharge by Vehumet.
 10944 | D:9      | Learned a level 3 spell: Static Discharge
 10958 | D:9      | Reached *** piety under Vehumet
 10969 | D:9      | Offered knowledge of Olgreb's Toxic Radiance by Vehumet.
 10985 | D:9      | Found a roughly hewn altar of Beogh.
 11447 | D:10     | Entered Level 10 of the Dungeon
 11453 | D:10     | Noticed an unseen horror
 11457 | D:10     | Killed an unseen horror
 11457 | D:10     | Reached **** piety under Vehumet
 11457 | D:10     | Reached skill level 13 in Conjurations
 11457 | D:10     | Reached XP level 11. HP: 74/74 MP: 16/22
 11518 | D:10     | Noticed Sonja
 11525 | D:10     | Killed Sonja
 11529 | D:10     | Offered knowledge of Fireball by Vehumet.
 11660 | D:10     | Learned a level 5 spell: Fireball
 11725 | D:10     | Found a staircase to the Lair.
 11731 | D:10     | Noticed an unseen horror
 11740 | D:10     | Killed an unseen horror
 11740 | D:10     | Reached skill level 1 in Fire Magic
 12223 | D:10     | Found a sacrificial altar of Ru.
 12487 | Lair:1   | Entered Level 1 of the Lair of Beasts
 12538 | Lair:1   | Noticed Execuda's ghost (journeyman GrEE)
 13094 | D:11     | Noticed Psyche
 13097 | D:11     | Killed Psyche
 13144 | D:11     | Noticed an unseen horror
 13149 | D:11     | Killed an unseen horror
 13202 | D:11     | Noticed a wizard
 13202 | D:11     | Noticed a wizard
 13207 | D:11     | Paralysed by a wizard for 7 turns
 13219 | D:11     | Killed a wizard
 13222 | D:11     | Killed a wizard
 13510 | D:11     | Identified the Reference Book on Companions and Air
 13512 | D:11     | Identified the Incunabulum of Harmful Transmigration
 13664 | D:11     | Learned a level 6 spell: Bolt of Fire
 14439 | Lair:1   | HP: 5/111 [poisoned by Execuda's ghost]
 14439 | Lair:1   | Mangled by Execuda's ghost

Vault maps used:
D:1:      dpeg_arrival_fog, grunt_decor_mini_mirrors
D:2:      old_standard_altar, nicolae_qazlal_eye_of_the_storm, uniq_terence
D:3:      kennysheep_six_static_rooms, lemuel_doored_altar
D:4:      serial_shops, nicolae_shop_stone, shop, minmay_cut_off
D:5:      nemelex_xobeh_ov_fountains_minmay, first_bread
D:6:      ashenzari_conservatory_becter, lemuel_crystal_altar,
          minmay_temple_entry_fiery, kennysheep_generic_room_15
D:7:      nicolae_dithmenos_shadow_blocks, uniq_duvessa
D:8:      corexii_shantytown, uniq_maurice
D:9:      nicolae_ru_great_annihilating_truth
D:10:     dpeg_oklobed_lair, serial_curves, eino_curves_04, eino_curves_02,
          basic_altar, uniq_sonja
D:11:     cheibrodos_lost_city_excavation, uniq_psyche
Temple:   nicolae_temple_figure_eight
Lair:1:   lemuel_centaur_altar, infiniplex_staircase_pool

Skill      XL: |  1  2  3  4  5  6  7  8  9 10 11 |
---------------+----------------------------------+-----
Conjurations   | 5 6 7 8 10 12 13 | 13.7
Charms         | 5 6 |  6.7
Spellcasting   | 5 7 8 |  8.8
Air Magic      | 2 3 |  3.4
Fire Magic     | 4 |  4.3
Dodging        | |  1.7
Stealth        | |  1.7

Action                   |  1- 3 |  4- 6 |  7- 9 | 10-12 || total
-------------------------+-------+-------+-------+-------++-------
Melee: Unarmed           |     1 |       |       |       ||     1
       Whip              |    30 |    30 |       |       ||    60
       Tailslap          |     2 |     1 |     5 |     8 ||    16
       Halberd           |       |    15 |       |       ||    15
       Dagger            |       |       |    61 |    50 ||   111
 Cast: Magic Dart        |    60 |   153 |   253 |   225 ||   691
       Iskenderun's Myst |       |     2 |     9 |    67 ||    78
       Iskenderun's Batt |       |       |     5 |    30 ||    35
       Conjure Flame     |       |       |     2 |       ||     2
       Static Discharge  |       |       |       |     5 ||     5
       Mephitic Cloud    |       |       |       |     3 ||     3
       Fireball          |       |       |       |     8 ||     8
       Bolt of Fire      |       |       |       |     8 ||     8
 Abil: Breathe Steam     |       |       |    15 |    12 ||    27
Evoke: Wand              |       |       |       |     1 ||     1
  Use: Potion            |     5 |     5 |       |    10 ||    20
       Scroll            |     3 |     9 |     2 |    14 ||    28
  Eat: Chunk             |     3 |    13 |    17 |    33 ||    66
       Fruit             |       |       |     2 |     1 ||     3
       Royal jelly       |       |       |     1 |     2 ||     3
       Meat ration       |       |       |       |     1 ||     1
Armor: Skin              |    13 |    23 |    51 |    57 ||   144
Dodge: Dodged            |    24 |    43 |    84 |    85 ||   236
